 Dungeon Crawl Stone Soup version 0.31-a0-1612-g4aaf141004 (webtiles) character file.

Game seed: 1480872457100225812

26 senseless the Trooper (level 2, 0/24 HPs)
             Began as a Demonspawn Berserker on Jan 9, 2024.
             Was a Follower of Trog.
             Slain by an adder (3 damage)
             ... on level 1 of the Dungeon.
             The game lasted 00:02:49 (555 turns).

senseless the Trooper (Demonspawn Berserker)         Turns: 555, Time: 00:02:50

Health: 0/24       AC:  5    Str: 17    XL:     2   Next: 89%
Magic:  2/2        EV: 11    Int:  7    God:    Trog [*.....]
Gold:   27         SH:  4    Dex: 12    Spells: 1/1 levels left

rFire   . . .        a - +0 mace
rCold   . . .        e - +0 buckler
rNeg    . . .        c - +0 leather armour
rPois   .            (no helmet)
rElec   .            (no cloak)
rCorr   .            (no gloves)
SInv    .            (no boots)
Will    .....        (no amulet)
Stlth   +            (no ring)
HPRegen 0.24/turn    (no ring)
MPRegen 0.08/turn

%: no passive effects
@: lethally poisoned (0 -> -1)
A: thin metallic scales 1
a: Renounce Religion, Berserk


You were on level 1 of the Dungeon.
You worshipped Trog.
Trog was aware of your devotion.
You visited 1 branch of the dungeon, and saw 2 of its levels.

You collected 27 gold pieces.

Inventory:

Hand Weapons
 a - a +0 mace (weapon)
Armour
 c - a +0 leather armour (worn)
 e - a +0 buckler (worn)
Scrolls
 f - a scroll of brand weapon {unknown}
 h - a scroll of identify {unknown}
 i - a scroll of blinking {unknown}
 j - 3 scrolls of silence {unknown}
Potions
 b - a potion of magic {unknown}
 d - 2 potions of might {unknown}
 g - a potion of berserk rage {unknown}


   Skills:
 * Level 3.3 Fighting
 + Level 2.9 Maces & Flails
 + Level 2.1 Armour
 + Level 2.1 Dodging
 + Level 0.3 Shields


You had one spell level left.
You didn't know any spells.
Your spell library was empty.

Dungeon Overview and Level Annotations

Branches:
Dungeon (2/15)

Altars:


Innate Abilities, Weirdness & Mutations

You are partially covered in thin metallic scales. (AC +2)


Message History

The adder misses you. The adder closely misses you. The ribbon worm bites you.
You barely miss the ribbon worm.
The ribbon worm is lightly wounded.
The adder bites you but does no damage.
A gnoll comes into view. It is wielding a +0 flail.
The ribbon worm bites you but does no damage.
The adder barely misses you.
The gnoll shouts!
You hit the ribbon worm.
The ribbon worm is moderately wounded.
The adder misses you.
A gnoll comes into view. It is wielding a +0 club.
The gnoll hits you but does no damage.
A quokka comes into view.
You block the ribbon worm's attack. The adder closely misses you.
The ribbon worm expels a string of sticky webbing.
The stream of webbing misses you. The adder attacks as it pursues you!
The adder bites you but does no damage. The adder closely misses you.
You hit the adder.
The adder is heavily wounded.
The adder barely misses you. The adder bites you.
You are poisoned.
The adder poisons you!
The gnoll hits you from afar with a +0 spear!
You feel sick.
A hobgoblin comes into view.
Found a scroll labelled RUHOEB UQOR.
You feel sick.
The hobgoblin shouts!
The adder bites you.
* * * LOW HITPOINT WARNING * * *
There is a stone staircase leading up here.
You feel sick. The adder misses you. The gnoll closely misses you.
You climb upwards.
You feel sick.
There is a stone staircase leading down here.
You closely miss the adder.
The adder is heavily wounded.
You feel sick. The adder bites you.
You die...

#.....# ##....
#.....# #....^
#.....###.....
##.............
##..............
####...............
#..................
#................).
#.@...............#
###S.........##...#
##.....#.####.#.#
#........###....
##.....##..##....
#................
##.#######........
#..# #........ #.##
#........


You could see an adder.

Vanquished Creatures
  3 dart slugs (D:1)
  4 bats
  2 endoplasms
  2 giant cockroaches
  A goblin (D:1)
  A hobgoblin (D:2)
  A quokka (D:1)
  2 ball pythons (D:1)
  A frilled lizard (D:1)
  2 rats (D:1)
19 creatures vanquished.

Notes
Turn   | Place    | Note
-------+----------+-------------------------------------------
     0 | D:1      | senseless the Demonspawn Berserker began the quest for the
                  | Orb.
     0 | D:1      | Reached XP level 1. HP: 18/18 MP: 1/1
   134 | D:1      | Gained mutation: You are partially covered in thin metallic
                  | scales. (AC +2) [demonic ancestry]
   134 | D:1      | Reached XP level 2. HP: 18/24 MP: 2/2
   351 | D:1      | Found a faded altar of an unknown god.
   555 | D:1      | Slain by an adder

Illustrated notes

Levels and vault maps discovered:
D:1:      eino_arrival_water_cross, layout_rooms,
          shapermc_ecumenical_altar_mp_vishouse, solitary_fountain
D:2:      layout_rooms, serial_shops, nicolae_shop_tiny_glass

Skill      XL: |  1 |
---------------+----+-----
Armour         | 2 |  2.1
Dodging        | 2 |  2.1
Fighting       | |  3.3
Maces & Flails | |  2.9
Shields        | |  0.3

Action                     || total
---------------------------++-------
  Melee: Mace              ||    61
         Punch             ||     1
 Armour: Leather armour    ||    50
  Dodge: Dodged            ||    58
  Block: Buckler           ||     6

Table legend: (Time is in decaauts)
 A = Elapsed time spent in this place.
 B = Non-inter-level travel time spent in this place.
 C = Inter-level travel time spent in this place.
 D = Time resting spent in this place.
 E = Time spent auto-exploring this place.
 F = Levels seen in this place.
 G = Mean time per level.
                   A        B        C        D        E       F      G
               +--------+--------+--------+--------+--------+-----+--------+
         Total |    571 |    555 |     16 |     23 |    352 |   2 |  285.5 |
       Dungeon |    571 |    555 |     16 |     23 |    352 |   2 |  285.5 |
               +--------+--------+--------+--------+--------+-----+--------+

Top non-repeatable levels by time:
     D:1: 482 daAuts
     D:2: 88 daAuts
